 Dungeon Crawl Stone Soup version 0.29-a0-414-g5075937ec3 (webtiles) character file.

Game seed: 11862537551704348978

380 zazu2006 the Magician (level 6, -16/50 HPs)
             Began as a Naga Hedge Wizard on May 16, 2022.
             Demolished by an ogre
             ... wielding a +0 giant club
              (32 damage)
             ... on level 4 of the Dungeon.
             The game lasted 00:07:37 (4282 turns).

zazu2006 the Magician (Naga Hedge Wizard)           Turns: 4282, Time: 00:07:37

Health: -16/50     AC:  4    Str: 12    XL:     6   Next: 75%
Magic:  9/14       EV: 10    Int: 16    God:
Gold:   153        SH:  0    Dex: 11    Spells: 6/15 levels left

rFire   . . .      SeeInvis +   a - +0 dagger
rCold   . . .      Faith    .   (no shield)
rNeg    + . .      Spirit   .   b - +0 robe
rPois   +          Reflect  .   p - +0 helmet
rElec   .          Harm     .   (no cloak)
rCorr   .          Rampage  .   (no gloves)
Will    +++..      Clarity  +   (no barding)
Stlth   ++........              n - amulet of the Four Winds {rN+ Will+++ Clar}
HPRegen 0.16/turn               (no ring)
MPRegen 0.14/turn               (no ring)

@: very slightly contaminated, very slow
A: AC +2, large, see invisible, deformed body, poison resistance, slowness 2,
spit poison 1, naga tail 1
a: Spit Poison


You were on level 4 of the Dungeon.
You visited 1 branch of the dungeon, and saw 4 of its levels.

You collected 153 gold pieces.

Inventory:

Hand Weapons
 a - a +0 dagger (weapon)
Armour
 b - a +0 robe (worn)
 c - a +0 hat
 p - a +0 helmet (worn)
Jewellery
 n - the amulet of the Four Winds (around neck) {rN+ Will+++ Clar}
   (You found it on level 2 of the Dungeon)

   [amulet of nothing]

   rN:        It protects you from negative energy.
   Clar:      It protects you against confusion.
   Will:      It greatly increases your willpower.
Wands
 o - a wand of flame (11)
Scrolls
 g - 2 scrolls of blinking {unknown}
 i - a scroll of fear {unknown}
 j - a scroll of immolation
 l - a scroll of vulnerability {unknown}
 q - 5 scrolls of identify {unknown}
 s - a scroll of noise {unknown}
 t - a scroll of poison {unknown}
 u - a scroll of amnesia {unknown}
 x - a scroll of summoning {unknown}
 y - a scroll of torment {unknown}
 B - a scroll of fog {unknown}
Potions
 d - 2 potions of magic
 e - 2 potions of flight {unknown}
 f - a potion of mutation {unknown}
 h - 2 potions of curing {unknown}
 k - 2 potions of ambrosia {unknown}
 m - 4 potions of heal wounds {unknown}
 r - a potion of degeneration {unknown}
 v - 2 potions of might {unknown}
 w - a potion of resistance {unknown}
 z - a potion of attraction {unknown}
 A - a potion of lignification {unknown}


   Skills:
 + Level 0.4 Fighting
 + Level 2.1 Dodging
 + Level 3.8 Stealth
 + Level 5.3 Spellcasting
 + Level 3.1 Conjurations
 + Level 1.0 Summonings
 + Level 1.0 Translocations
 * Level 2.5 Poison Magic


You had 6 spell levels left.
You knew the following spells:

 Your Spells              Type           Power      Damage    Failure   Level
a - Magic Dart            Conj           56%        1d5       4%          1
b - Mephitic Cloud        Conj/Pois/Air  10%        N/A       21%         3
c - Conjure Flame         Conj/Fire      9%         6-21      24%         3
d - Blink                 Tloc           14%        N/A       14%         2

Your spell library contained the following spells:

 Spells                   Type           Power      Damage    Failure   Level
 Slow                     Hex            16%        N/A       14%         1
 Call Imp                 Summ           7%         N/A       14%         2


Dungeon Overview and Level Annotations

Branches:
Dungeon (4/15)
 Temple: D:4-7

Altars:
Ashenzari
Gozag
Kikubaaqudgha


Innate Abilities, Weirdness & Mutations

Your serpentine skin is tough. (AC +2)
You have supernaturally acute eyesight. (SInv)
Armour fits poorly on your strangely shaped body.
Your system is resistant to poisons. (rPois)
You cover ground very slowly.
You can spit poison.
You have a snake-like lower body.


Message History

Confirm with . or Enter, or press ? or * to list all spells.
Aiming: Mephitic Cloud (dangerous; 21% risk of failure)
Press: ? - help, Shift-Dir - straight line, f/p - ogre
Aim: an ogre, wielding a +0 giant club (chance to affect: 77%)
The ball explodes into a vile cloud!
The stinking cloud engulfs the ogre but does no damage.
The ogre is engulfed in noxious fumes.
Unknown command.
Casting: Mephitic Cloud (dangerous; 21% risk of failure)
Confirm with . or Enter, or press ? or * to list all spells.
Aiming: Mephitic Cloud (dangerous; 21% risk of failure)
Press: ? - help, Shift-Dir - straight line, f/p - ogre
Aim: an ogre, wielding a +0 giant club (chance to affect: 77%)
You miscast Mephitic Cloud.
Nothing appears to happen.
Unknown command.
Magic courses through your body. The ogre hits you with a +0 giant club.
Casting: Mephitic Cloud (dangerous; 21% risk of failure)
Confirm with . or Enter, or press ? or * to list all spells.
Aiming: Mephitic Cloud (dangerous; 21% risk of failure)
Press: ? - help, Shift-Dir - straight line, f/p - ogre
Aim: an ogre, wielding a +0 giant club (chance to affect: 77%)
You miscast Mephitic Cloud.
Nothing appears to happen.
The ogre hits you with a +0 giant club!!
Ouch! That really hurt!
Unknown command.
Unknown command.
Casting: Mephitic Cloud (dangerous; 21% risk of failure)
Confirm with . or Enter, or press ? or * to list all spells.
Aiming: Mephitic Cloud (dangerous; 21% risk of failure)
Press: ? - help, Shift-Dir - straight line, f/p - ogre
Aim: an ogre, wielding a +0 giant club (chance to affect: 77%)
The ball explodes into a vile cloud!
The stinking cloud engulfs the ogre but does no damage.
The stinking cloud engulfs you but does no damage.
The stinking cloud engulfs the gnoll but does no damage.
Unknown command.
The ogre attacks as you move away!
The ogre hits you with a +0 giant club!!
Ouch! That really hurt!
You die...

#.# .g #.# .. #.#
.# #.# g# #.#
##.## #<# #...#
#.# ##..#
#.#######...#####
#....@OgK........#
#########...####.#
##>## #.# #.# #..
###


You could see an ogre, a gnoll and a kobold.

Vanquished Creatures
  A bullfrog (D:4)
  A scorpion (D:4)
  A gnoll shaman (D:4)
  A hound (D:4)
  Robin (D:2)
  5 gnolls
  5 adders
  2 worms (D:3)
  2 dart slugs (D:1)
  An orc (D:3)
  3 ball pythons
  10 bats
  7 endoplasms
  3 giant cockroaches
  11 goblins
  7 hobgoblins
  5 kobolds
  6 quokkas
  5 frilled lizards
  6 rats
83 creatures vanquished.

Vanquished Creatures (others)
  57 plants
57 creatures vanquished.

Grand Total: 140 creatures vanquished

Notes
Turn   | Place    | Note
-------+----------+-------------------------------------------
     0 | D:1      | zazu2006 the Naga Hedge Wizard began the quest for the Orb.
     0 | D:1      | Reached XP level 1. HP: 15/15 MP: 4/4
   177 | D:1      | Reached XP level 2. HP: 22/22 MP: 3/6
   471 | D:1      | Reached XP level 3. HP: 28/28 MP: 4/8
   743 | D:1      | Found a faded altar of an unknown god.
  1388 | D:2      | Found the amulet of the Four Winds {rN+ Will+++ Clar}
  1420 | D:2      | Reached skill level 4 in Spellcasting
  1466 | D:2      | Reached XP level 4. HP: 36/36 MP: 6/10
  1522 | D:2      | Noticed Robin
  1544 | D:2      | Killed Robin
  2074 | D:2      | Found an opulent altar of Gozag.
  2185 | D:2      | Reached XP level 5. HP: 23/42 MP: 5/11
  2189 | D:2      | Learned a level 3 spell: Mephitic Cloud
  2193 | D:2      | Learned a level 3 spell: Conjure Flame
  2196 | D:2      | Learned a level 2 spell: Blink
  2642 | D:2      | You fall into a shaft and drop 2 floors!
  2642 | D:4      | Saw a vision of the Shoals and the Spider Nest.
  2642 | D:4      | Noticed a wolf spider
  2642 | D:4      | Noticed a wolf spider
  2642 | D:4      | Noticed a redback
  2642 | D:4      | Noticed a redback
  2642 | D:4      | Noticed a wind drake
  2642 | D:4      | Noticed a merfolk siren
  2642 | D:4      | Noticed a wind drake
  2642 | D:4      | Noticed a centaur
  2642 | D:4      | Noticed a merfolk
  2642 | D:4      | Found a broken altar of Ashenzari.
  2678 | D:4      | Reached skill level 1 in Poison Magic
  2775 | D:4      | Reached skill level 5 in Spellcasting
  2775 | D:4      | Reached XP level 6. HP: 50/50 MP: 7/13
  2926 | D:4      | Noticed a redback
  3467 | D:3      | Found an ancient bone altar of Kikubaaqudgha.
  4282 | D:4      | Demolished by an ogre

Illustrated notes

Levels and vault maps discovered:
D:1:      nzn_arrival_settlement, layout_basic,
          hellmonk_ecumenical_altar_blasted
D:2:      wad_woods_stonehenge, layout_basic, uniq_robin
D:3:      layout_loops_ring, kiku_gazebo_pond_becter
D:4:      layout_loops_ring, grunt_ashenzari_visionary
          [grunt_ashenzari_visionary_shoals, grunt_ashenzari_visionary_spider],
          minmay_temple_entry_hall, serial_shops, nicolae_stop_n_shop_2,
          nicolae_shop_overgrown_old_shop

Skill      XL: |  1  2  3  4  5  6 |
---------------+-------------------+-----
Spellcasting   | 4 5 |  5.3
Dodging        | 2 |  2.1
Conjurations   | 2 3 |  3.1
Poison Magic   | 1 2 |  2.5
Fighting       | |  0.4
Stealth        | |  3.8
Summonings     | |  1.0
Translocations | |  1.0

Action                   |  1- 3 |  4- 6 || total
-------------------------+-------+-------++-------
Melee: Dagger            |     4 |    20 ||    24
 Cast: Magic Dart        |    60 |   140 ||   200
       Mephitic Cloud    |       |     4 ||     4
 Abil: Spit Poison       |    11 |    20 ||    31
  Use: Potion            |       |     1 ||     1
 Stab: Confused          |       |     2 ||     2
Armor: Robe              |     2 |    17 ||    19
Dodge: Dodged            |    11 |    35 ||    46

Table legend: (Time is in decaauts)
 A = Elapsed time spent in this place.
 B = Non-inter-level travel time spent in this place.
 C = Inter-level travel time spent in this place.
 D = Time resting spent in this place.
 E = Time spent auto-exploring this place.
 F = Levels seen in this place.
 G = Mean time per level.
                   A        B        C        D        E       F      G
               +--------+--------+--------+--------+--------+-----+--------+
         Total |   5107 |   5012 |     95 |     60 |   4224 |   4 | 1276.8 |
       Dungeon |   5107 |   5012 |     95 |     60 |   4224 |   4 | 1276.8 |
               +--------+--------+--------+--------+--------+-----+--------+

Top non-repeatable levels by time:
     D:2: 1965 daAuts
     D:1: 1490 daAuts
     D:3: 1199 daAuts
     D:4: 450 daAuts
